 Dungeon Crawl Stone Soup version 0.30.0-15-g856e2d3f33 (webtiles) character file.

Game seed: 1662561734044952245

5464 IndexError the Fighter (level 11, -12/86 HPs)
             Began as a Djinni Summoner on May 19, 2023.
             Was an Initiate of Ashenzari.
             Mangled by a gargoyle
             ... wielding a +3 flail
              (23 damage)
             ... on level 9 of the Dungeon.
             The game lasted 00:31:23 (8931 turns).

IndexError the Fighter (Djinni Summoner)            Turns: 8931, Time: 00:31:24

Health: -12/86     AC:  7    Str:  7    XL:     11   Next: 0%
Gold:   527        EV: 11    Int: 26    God:    Ashenzari [......] SH:  0 Dex: 12

rFire   + + .        E - +1 spear of Geghabb {venom, *Corrode rC+++ Dex-3 Stlth+}
rCold   + + .        (no shield)
rNeg    . . .        F - +0 acid dragon scales
rPois   ∞            (no helmet)
rElec   .            (no cloak)
rCorr   +            D - +0 pair of gloves
SInv    .            (boots unavailable)
Will    +....        (no amulet)
Stlth   ++           i - ring of the Bound Welkin {Int+6, Range, Self} (curse)
HPRegen 0.34/turn    e - ring of resist corrosion
MPRegen 0.00/turn

%: corrode self (3%), infuse magic (-13 HP)
@: flying
A: sickness immunity, fire resistance 2, cold vulnerability 1, float, innate
caster, HP casting, extra vitality 1
a: Renounce Religion, Curse Item, Shatter the Chains


You were on level 9 of the Dungeon.
You worshipped Ashenzari.
Ashenzari was noncommittal.
You visited 2 branches of the dungeon, and saw 10 of its levels.
You also visited: Bailey.

You collected 527 gold pieces.

Inventory:

Hand Weapons
 a - a +2 dagger of electrocution
   (You took it off a kobold on level 3 of the Dungeon)
 E - the +1 spear of Geghabb (weapon) {venom, *Corrode rC+++ Dex-3 Stlth+}
   (You found it on level 8 of the Dungeon)

   Dex:       It affects your dexterity (-3).
   rC:        It renders you almost immune to cold.
   *Corrode:  It may corrode you when you take damage.
   Stlth:     It makes you more stealthy.
Missiles
 s - 6 curare-tipped darts
 y - 33 stones
 A - a throwing net {=f, !d}
Armour
 u - a +1 robe of fire resistance
   (You took it off Sigmund on level 3 of the Dungeon)
 D - a +0 pair of gloves (worn)
   (You found it on level 7 of the Dungeon)
 F - +0 acid dragon scales (worn)
   (You found it in a bailey)
Jewellery
 e - a ring of resist corrosion (right hand)
   (You found it on level 1 of the Dungeon)
 i - the cursed ring of the Bound Welkin (left hand) {Int+6, Range, Self}
   (You found it on level 2 of the Dungeon)

   [ring of intelligence]

   Int:       It affects your intelligence (+6).
   It has a curse which improves the following skills: Ranged Combat: Ranged
   Weapons and Throwing.
   Introspection: Fighting and Spellcasting.
Wands
 v - a wand of charming (18)
   (You found it on level 4 of the Dungeon)
 B - a wand of digging (6)
   (You found it on level 5 of the Dungeon)
Scrolls
 b - 3 scrolls of poison {unknown}
 d - a scroll of enchant armour {unknown}
 h - a scroll of torment {unknown}
 j - 7 scrolls of fog {unknown}
 k - 4 scrolls of magic mapping {unknown}
 l - a scroll of fear {unknown}
 n - 3 scrolls of blinking {unknown}
 p - 2 scrolls of acquirement {unknown}
 q - 4 scrolls of teleportation {unknown}
 r - 11 scrolls of identify {unknown}
 x - 3 scrolls of amnesia {unknown}
 G - 2 scrolls of enchant weapon {unknown}
Potions
 c - a potion of resistance {unknown}
 f - a potion of brilliance {unknown}
 g - 2 potions of degeneration {unknown}
 m - 6 potions of might {unknown}
 o - a potion of heal wounds
 t - 5 potions of curing {unknown}
 w - a potion of attraction {unknown}
 z - a potion of berserk rage {unknown}
 C - a potion of haste {unknown}
 H - a potion of magic {unknown}
 I - a potion of mutation {unknown}
 J - a potion of lignification {unknown}


   Skills:
 * Level 10.1(10.5) Fighting
 - Level 2.1 Dodging
 - Level 1.5 Stealth
 + Level 9.8(10.2) Spellcasting


You knew the following spells:

 Your Spells              Type           Power      Damage    Failure   Level
a - Summon Small Mammal   Summ           100%       N/A       1%          1
b - Call Canine Familiar  Summ           61%        N/A       1%          3
c - Call Imp              Summ           100%       N/A       1%          2
d - Summon Guardian Gole  Hex/Summ       61%        N/A       1%          3
e - Summon Lightning Spi  Summ/Air       61%        N/A       1%          4
f - Lesser Beckoning      Tloc           100%       N/A       1%          2
g - Apportation           Tloc           100%       N/A       1%          1
h - Tukima's Dance        Hex            61%        N/A       1%          3
i - Portal Projectile     Hex/Tloc       100%       N/A       1%          3
j - Freezing Cloud        Conj/Ice/Air   30%        6-21      3%          5
Your spell library was empty.

Dungeon Overview and Level Annotations

Branches:
Dungeon (9/15)             Temple (1/1) D:6          Bailey (visited)
   Lair: D:8-11         Orc: D:9-12

Altars:
Ashenzari
Cheibriados
Dithmenos
Elyvilon
Fedhas
Gozag
Hepliaklqana
Makhleb
Nemelex Xobeh
Okawaru
Qazlal
Ru
Trog
Uskayaw
Wu Jian
Xom
Yredelemnul
Zin
The Shining One

Shops:
D:4 (   D:7 !

Annotations:
D:8 exclusion: 2 doors


Innate Abilities, Weirdness & Mutations

You are immune to sickness and miasma.
You are immune to poison.
Your flesh is very heat resistant. (rF++)
You are vulnerable to cold. (rC-)
You float through the air rather than walking.
You learn spells naturally, not from books.
Your magical power is your life essence.
You have superior vitality. (+4 MHP)


Message History

Something hits your lightning spire but does no damage.
Something hits your lightning spire but does no damage.
A puff of flame appears from out of thin air!
The puff of flame hits your lightning spire.
Your lightning spire resists.
A magic dart appears from out of thin air!
The magic dart hits your lightning spire but does no damage.
Something hits your lightning spire but does no damage.
An orc comes into view. It is wielding a +0 falchion.
A magic dart appears from out of thin air!
The magic dart hits your lightning spire but does no damage.
Something hits your lightning spire but does no damage.
Casting: Summon Lightning Spire (mildly dangerous; 1% risk of failure)
Confirm with . or Enter, or press ? or * to list all spells.
A magic dart appears from out of thin air!
The magic dart hits your lightning spire.
You take 2 damage, and have 79/81 hp.
You hit the orc.
The orc is poisoned.
A puff of flame appears from out of thin air!
The puff of flame hits your lightning spire.
Your lightning spire completely resists.
The orc hits you but does no damage.
Your lightning spire shoots out a bolt of lightning at the orc!
The bolt of electricity hits the orc!
You hit the orc but do no damage.
The orc is poisoned.
The orc hits you but does no damage.
A puff of flame appears from out of thin air!
The puff of flame hits your lightning spire.
Your lightning spire resists.
You hit the orc.
The orc looks as sick as possible!
The orc barely misses you.
A magic dart appears from out of thin air!
The magic dart hits your lightning spire.
You hit the orc.
Something hits your lightning spire but does no damage.
Your lightning spire cannot move out of your way!
Your lightning spire cannot move out of your way!
Your lightning spire shoots out a bolt of lightning at the orc warrior!
The bolt of electricity hits something!!
Reactivating autopickup.
You feel a bit more experienced.
The bolt of electricity misses the orc warrior.
The bolt of electricity hits the gargoyle.
The gargoyle resists.
Your lightning spire disappears in a puff of smoke!
Health restored: 81 The orc warrior attacks as you move away!
The orc warrior hits you with a +0 battleaxe!
The orc warrior closely misses your warg.
Your warg barely misses the orc warrior.
You take 10 damage, and have 71/81 hp.
Casting: Call Canine Familiar (safe; 1% risk of failure)
Confirm with . or Enter, or press ? or * to list all spells.
An electric hum fills the air.
Your warg bites the orc warrior!
The gargoyle hits your lightning spire with a +3 flail.
The orc warrior hits you with a +0 battleaxe!
The orc warrior barely misses your lightning spire.
The orc warrior hits your warg with a +0 battleaxe!
You take 11 damage, and have 60/81 hp.
Casting: Summon Lightning Spire (mildly dangerous; 1% risk of failure)
Confirm with . or Enter, or press ? or * to list all spells.
An electric hum fills the air.
Your lightning spire disappears in a puff of smoke!
Your warg bites the orc warrior!
Your warg bites the gargoyle!
You have reached level 11!
The power to cast Freezing Cloud wells up from within.
Spell assigned to 'j'.
Your warg closely misses the gargoyle.
Things that are here:
a +0 short sword; a +0 chain mail; an orc corpse Your warg bites the gargoyle.
The gargoyle hurls a stone arrow at you.
The stone arrow misses you.
Your warg barely misses the gargoyle.
The gargoyle hurls a stone arrow at you.
The stone arrow hits you!
Your warg barely misses the gargoyle.
You take 12 damage, and have 49/86 hp.
The gargoyle hurls a stone arrow at you.
The stone arrow hits you!
Your warg barely misses the gargoyle.
You take 13 damage, and have 36/86 hp.
You are too injured to fight recklessly!
You hit the gargoyle but do no damage.
Your warg bites the gargoyle but does no damage.
The gargoyle barely misses you.
Your warg bites the gargoyle but does no damage.
You barely miss the gargoyle.
The gargoyle hurls a stone arrow at you.
The stone arrow hits you!
Your warg bites the gargoyle but does no damage.
The gargoyle hurls a stone arrow at you.
The stone arrow hits you!
* * * LOW HITPOINT WARNING * * *
You take 26 damage, and have 11/86 hp.
MASSIVE DAMAGE!!
You barely miss the gargoyle.
Your warg bites the gargoyle but does no damage.
The gargoyle misses you.
Your warg bites the gargoyle but does no damage.
You hit the gargoyle but do no damage.
Your warg completely misses the gargoyle.
The gargoyle hits you with a +3 flail!!
You die...

#..# #....#.####.
#....#......#.... .
#.............#
..#.....#.....####.###.#
...... #........).##...
#.... ##...####..##...
#....###.#.#####....###
###...#..#..........#..
#8@......#..#......
.#######9##.###.#.........
.....).)h...##.......[<)).
..#####)###..........)(#8.
...# ####.........#..
.....# #####..)..#..
....(..# #.....###
######## #.....# #.....#


You could see a gargoyle (ally target), a friendly warg (summoned) and a
friendly lightning spire (summoned).

Vanquished Creatures
  Sigmund (D:3)
  2 black bears
  4 hounds
  A sleepcap (D:6)
  An iguana (D:5)
  An orc wizard (D:5)
  2 adders
  2 orcs (D:9)
  2 ball pythons
  2 endoplasms (D:2)
  A giant cockroach (D:4)
  4 goblins
  4 hobgoblins
  A jackal (D:2)
  2 quokkas
  3 frilled lizards
  4 kobolds
  4 rats
41 creatures vanquished.

Vanquished Creatures (collateral kills)
  A two-headed ogre (Bailey)
  5 yaks (D:8)
  2 shadows (D:8)
  5 spriggans (Bailey)
  A steam dragon (D:7)
  An acid dragon (Bailey)
  A water moccasin (D:7)
  2 orc warriors
  4 ogres
  A black bear (D:7)
  A phantom (D:5)
  3 kobold brigands
  2 bullfrogs (D:8)
  3 scorpions
  7 howler monkeys
  2 hounds
  3 orc priests
  3 iguanas
  9 orc wizards
  5 gnolls
  9 adders
  A shadow imp (D:8)
  2 worms (D:2)
  A dart slug (D:1)
  27 orcs
  3 ball pythons (D:1)
  2 bats (D:2)
  7 endoplasms
  4 giant cockroaches
  7 goblins
  6 hobgoblins
  13 kobolds
  2 quokkas
  2 frilled lizards (D:2)
  5 rats
152 creatures vanquished.

Grand Total: 193 creatures vanquished

Notes
Turn   | Place    | Note
-------+----------+-------------------------------------------
     0 | D:1      | IndexError the Djinni Summoner began the quest for the Orb.
     0 | D:1      | IndexError set off with the following spells memorised:
                  | Summon Small Mammal, Call Imp, Call Canine Familiar, Summon
                  | Guardian Golem, Summon Lightning Spire.
     0 | D:1      | Reached XP level 1. HP: 15/15 MP: 0/0
   140 | D:1      | Reached XP level 2. HP: 20/21 MP: 0/0
   378 | D:1      | Reached XP level 3. HP: 23/25 MP: 0/0
   378 | D:1      | Learned a level 1 spell: Apportation
   678 | D:1      | Reached skill level 4 in Spellcasting
  1224 | D:2      | Reached XP level 4. HP: 19/31 MP: 0/0
  1561 | D:2      | Reached XP level 5. HP: 24/35 MP: 0/0
  1561 | D:2      | Learned a level 2 spell: Lesser Beckoning
  1816 | D:2      | HP: 7/35 [gnoll/+0 spear (7)]
  1829 | D:2      | Reached skill level 5 in Spellcasting
  2357 | D:3      | Noticed Sigmund
  2576 | D:3      | Killed Sigmund
  2577 | D:3      | Reached skill level 6 in Spellcasting
  2577 | D:3      | Reached XP level 6. HP: 30/40 MP: 0/0
  2686 | D:3      | HP: 6/40 [kobold/+2 dagger of electrocution (15)]
  2949 | D:3      | Reached XP level 7. HP: 40/45 MP: 0/0
  2949 | D:3      | Learned a level 3 spell: Tukima's Dance
  3762 | D:4      | Reached skill level 7 in Spellcasting
  4001 | D:4      | Found Ubbawer's Weapon Emporium.
  4172 | D:5      | Entered Level 5 of the Dungeon
  4175 | D:5      | Reached XP level 8. HP: 50/50 MP: 0/0
  4563 | D:5      | Reached skill level 8 in Spellcasting
  4645 | D:5      | Reached skill level 1 in Fighting
  4738 | D:5      | Found a broken altar of Ashenzari.
  4799 | D:5      | Became a worshipper of Ashenzari the Shackled
  4891 | D:5      | Reached skill level 2 in Fighting
  5316 | D:6      | Found a staircase to the Ecumenical Temple.
  5325 | D:6      | Reached skill level 3 in Fighting
  5325 | D:6      | Reached XP level 9. HP: 58/61 MP: 0/0
  5325 | D:6      | Learned a level 3 spell: Portal Projectile
  5356 | Temple   | Entered the Ecumenical Temple
  5690 | D:5      | Noticed a rust devil
  5690 | D:5      | Noticed a rust devil
  6364 | D:7      | Reached skill level 4 in Fighting
  6462 | D:7      | Reached skill level 5 in Fighting
  6919 | D:7      | Found Rohan's Distillery.
  7065 | D:8      | Found a flagged portal.
  7083 | D:8      | Identified the +1 spear of Geghabb {venom, *Corrode rC+++
                  | Dex-3 Stlth+}
  7089 | D:8      | Reached skill level 6 in Fighting
  7141 | Bailey   | Entered a bailey
  7206 | Bailey   | Reached skill level 7 in Fighting
  7206 | Bailey   | Reached skill level 9 in Spellcasting
  7206 | Bailey   | Reached XP level 10. HP: 26/76 MP: 0/0
  7278 | Bailey   | Noticed a two-headed ogre
  7287 | Bailey   | Killed a two-headed ogre
  7288 | Bailey   | Reached skill level 8 in Fighting
  7845 | D:8      | Reached skill level 9 in Fighting
  8571 | D:8      | Reached skill level 10 in Fighting
  8897 | D:9      | Noticed a gargoyle
  8923 | D:9      | Reached XP level 11. HP: 60/86 MP: 0/0
  8923 | D:9      | Learned a level 5 spell: Freezing Cloud
  8929 | D:9      | HP: 11/86 [gargoyle/stone arrow (16)]
  8931 | D:9      | Mangled by a gargoyle

Illustrated notes

Levels and vault maps discovered:
D:1:      lemuel_arrival_broad_hall, layout_basic, st_stairs_10,
          minmay_split_cup_small
D:2:      minmay_thinvault, layout_basic
D:3:      cheibrodos_thug_alley, layout_basic, uniq_sigmund
D:4:      layout_basic, serial_shops, nicolae_shop_crystal
D:5:      cheibrodos_iron_armory, layout_loops_ring,
          mainiacjoe_overflow_chevrons
D:6:      layout_loops_ring, minmay_temple_entry_gardened_gates
D:7:      layout_cave_pools, serial_shops, nicolae_shop_back_alley_shop
D:8:      cheibrodos_two_vegetables, layout_cave_pools, enter_bailey_2
D:9:      layout_rooms, minmay_lair_entry_grove
Temple:   regret_index_temple_sigil_plot

Skill      XL: |  1  2  3  4  5  6  7  8  9 10 |
---------------+-------------------------------+-----
Spellcasting   | 4 6 7 8 9 |  9.8
Fighting       | 3 7 10 | 10.1
Dodging        | |  2.1
Stealth        | |  1.5

Action                     |  1- 3 |  4- 6 |  7- 9 | 10-12 || total
---------------------------+-------+-------+-------+-------++-------
  Melee: Unarmed           |     3 |       |       |       ||     3
         Whip              |    25 |    29 |       |       ||    54
         Spear             |       |    12 |       |    46 ||    58
         Dagger            |       |     2 |   108 |       ||   110
         Punch             |       |       |       |     2 ||     2
   Cast: Summon Small Mamm |    43 |    26 |     3 |     3 ||    75
         Call Canine Famil |       |    11 |     6 |     8 ||    25
         Call Imp          |       |     6 |     6 |     1 ||    13
         Summon Lightning  |       |       |    29 |    17 ||    46
         Summon Guardian G |       |       |     2 |     2 ||     4
 Invoke: Curse Item        |       |       |     1 |       ||     1
   Stab: Distracted        |       |     2 |     1 |       ||     3
         Sleeping          |       |     1 |     2 |       ||     3
 Armour: Robe              |     9 |    14 |    20 |       ||    43
         Acid dragon scale |       |       |       |    15 ||    15
  Dodge: Dodged            |    18 |    48 |    79 |    32 ||   177

Levels and vault maps discovered:
D:1:      lemuel_arrival_broad_hall, layout_basic, st_stairs_10,
          minmay_split_cup_small
D:2:      minmay_thinvault, layout_basic
D:3:      cheibrodos_thug_alley, layout_basic, uniq_sigmund
D:4:      layout_basic, serial_shops, nicolae_shop_crystal
D:5:      cheibrodos_iron_armory, layout_loops_ring,
          mainiacjoe_overflow_chevrons
D:6:      layout_loops_ring, minmay_temple_entry_gardened_gates
D:7:      layout_cave_pools, serial_shops, nicolae_shop_back_alley_shop
D:8:      cheibrodos_two_vegetables, layout_cave_pools, enter_bailey_2
D:9:      layout_rooms, minmay_lair_entry_grove
Temple:   regret_index_temple_sigil_plot

Table legend: (Time is in decaauts)
 A = Elapsed time spent in this place.
 B = Non-inter-level travel time spent in this place.
 C = Inter-level travel time spent in this place.
 D = Time resting spent in this place.
 E = Time spent auto-exploring this place.
 F = Levels seen in this place.
 G = Mean time per level.
                   A        B        C        D        E       F      G
               +--------+--------+--------+--------+--------+-----+--------+
         Total |   8941 |   8267 |    674 |     52 |   6440 |  11 |  812.8 |
       Dungeon |   8163 |   7506 |    657 |     52 |   5856 |   9 |  907.0 |
        Temple |    320 |    303 |     17 |      0 |    279 |   1 |  320.0 |
        Bailey |    456 |    456 |      0 |      0 |    305 |   1 |  456.0 |
               +--------+--------+--------+--------+--------+-----+--------+

Top non-repeatable levels by time:
     D:2: 1506 daAuts
     D:8: 1303 daAuts
     D:6: 983 daAuts
     D:3: 973 daAuts
     D:5: 932 daAuts
     D:1: 895 daAuts
     D:4: 820 daAuts
     D:7: 641 daAuts
  Bailey: 456 daAuts
  Temple: 320 daAuts
     D:9: 106 daAuts

Table legend:
 A = Kills in this place as a percentage of kills in the entire game.
 B = Kills by you in this place as a percentage of kills by you in the entire game.
 C = Kills by friends in this place as a percentage of kills by friends in the entire game.
 D = Other kills in this place as a percentage of other kills in the entire game.
 E = Experience gained in this place as a percentage of experience gained in the entire game.
 F = Experience gained in this place divided by the number of levels of this place that you have seen.
                   A       B       C       D       E      F
               +-------+-------+-------+-------+-------+----------------------
         Total | 100.0 | 100.0 | 100.0 |   N/A | 100.0 | 709.7
       Dungeon |  94.8 | 100.0 |  93.4 |   N/A |  69.5 | 603.2
        Bailey |   5.2 |   0.0 |   6.6 |   N/A |  30.5 | 2378.0
               +-------+-------+-------+-------+-------+----------------------
